 Dungeon Crawl Stone Soup version 0.22.0-38-g04b72b8c25 (webtiles) character file.

249 AlolanVulpixel the Slasher (level 5, -7/47 HPs)
             Began as a Draconian Chaos Knight on Aug 30, 2018.
             Killed by nerve-wracking pain
             ... invoked by an orc priest
              (16 damage)
             ... on level 3 of the Dungeon.
             The game lasted 00:08:07 (1692 turns).

AlolanVulpixel the Slasher (Draconian Chaos Knight) Turns: 1692, Time: 00:08:08

Health: -7/47      AC:  5    Str: 15    XL:     5   Next: 87%
Magic:  5/5        EV: 13    Int: 12    God:    Xom [......]
Gold:   132        SH:  0    Dex: 11    Spells: 4/4 levels left

rFire    . . .     SeeInvis .   a - +0 falchion (chaos)
rCold    . . .     Gourm    .   (no shield)
rNeg     . . .     Faith    .   (armour unavailable)
rPois    .         Spirit   .   (helmet restricted)
rElec    .         Reflect  .   (no cloak)
rCorr    +         Harm     +   (no gloves)
MR       .....                  (no boots)
Stlth    ++........             p - amulet of harm
HPRegen  0.15/turn              r - ring of resist corrosion
MPRegen  0.09/turn              i - ring of wizardry

@: no status effects
A: unfitting armour, cold-blooded, AC +5
a: Renounce Religion


You were on level 3 of the Dungeon.
You worshipped Xom.
You were a very special plaything of Xom.
You were not hungry.

You visited 1 branch of the dungeon, and saw 3 of its levels.

You collected 132 gold pieces.

Inventory:

Hand Weapons
 a - a +0 falchion of chaos (weapon)
 g - a cursed -1 short sword
Missiles
 e - 99 stones (quivered)
 k - 36 arrows
 q - 34 poisoned needles
 v - 29 sling bullets
Armour
 w - a +2 robe of magic resistance
Jewellery
 c - an uncursed ring of protection from cold
 i - a ring of wizardry (right hand)
 p - an amulet of harm (around neck)
 r - a ring of resist corrosion (left hand)
Wands
 s - a wand of clouds (8)
 u - a wand of digging (13)
Scrolls
 f - a scroll of magic mapping
 j - 4 scrolls of remove curse
 m - a scroll of identify
 o - a scroll of fog {unknown}
Potions
 d - 2 potions of lignification {unknown}
 h - a potion of heal wounds {unknown}
 l - 2 potions of flight {unknown}
 n - 3 potions of might {unknown}
 t - 3 potions of degeneration {unknown}
Comestibles
 b - 4 rations


   Skills:
 + Level 4.3 Fighting
 + Level 5.2 Long Blades
 + Level 3.2 Dodging
 + Level 1.3 Stealth


You had 4 spell levels left.
You didn't know any spells.
Your spell library was empty.

Dungeon Overview and Level Annotations

Branches:
Dungeon (3/15)

Altars:


Innate Abilities, Weirdness & Mutations

Your plain brown scales are hard. (AC +5)
You cannot fit into any form of body armour.
You are cold-blooded and may be slowed by cold attacks.


Message History

A puff of frost appears from out of thin air!
The puff of frost hits you!
* * * LOW HITPOINT WARNING * * *
You hit something.
Reactivating autopickup.
You feel a bit more experienced.
The orc priest looks satisfied for a moment.
A kobold comes into view. It is wielding a short sword of venom.
The kobold shouts!
The kobold throws a stone.
The stone hits you.
* * * LOW HITPOINT WARNING * * *
You see here a stone.
The orc priest calls down the wrath of Beogh upon you.
Pain shoots through your body!
* * * LOW HITPOINT WARNING * * *
You completely miss the orc priest.
The orc priest mumbles some strange prayers to Beogh against you.
Pain shoots through your body!
You die...
Xom giggles madly!

#...#.#...#.#.#
##...#.....).#.# ###
#..............## ..#
#...?###...#..=.# #
#.# #..... #......#.#
#< #.#
#.....###)#.<...#
#..#.##
#.....?##.#.K(..#
#.....# #.##.#)o...#
##.#.## #.##.†.@...#
). ..# ..##.##....# #.
####
.........#.#####.####
##...#.#.............#
#%..# ####.#.##.###.#
#...< #.#.# ..# #...>
#.#.. #.# ..##.# #.#
###........#


You could see an orc priest and a kobold.

Vanquished Creatures
  An orc wizard (D:3)
  An orc priest (D:3)
  Terence (D:2)
  Jessica (D:2)
  Natasha (thrice) (D:2)
  An adder (D:2)
  A dart slug (D:1)
  3 leopard geckos (D:1)
  2 orcs (D:3)
  6 bats
  3 giant cockroaches
  8 goblins
  6 hobgoblins
  3 jackals (D:1)
  4 frilled lizards
  5 kobolds
  2 rats
51 creatures vanquished.

Notes
Turn   | Place    | Note
-------+----------+-------------------------------------------
     0 | D:1      | AlolanVulpixel the Draconian Chaos Knight began the quest for the Orb.
     0 | D:1      | Reached XP level 1. HP: 19/19 MP: 1/1
    45 | D:1      | XOM: harmless Air miscast
    98 | D:1      | Reached XP level 2. HP: 16/26 MP: 2/2
   119 | D:1      | XOM: butterfly on damage
   343 | D:1      | XOM: divination: detect creatures
   462 | D:1      | XOM: harmless Summ miscast
   594 | D:1      | Reached XP level 3. HP: 29/33 MP: 3/3
   700 | D:2      | Noticed Terence
   707 | D:2      | Killed Terence
   707 | D:2      | Reached skill level 4 in Long Blades
   710 | D:2      | Noticed Natasha
   722 | D:2      | Killed Natasha
   722 | D:2      | Reached XP level 4. HP: 17/40 MP: 4/4
   757 | D:2      | Noticed Natasha
   763 | D:2      | Killed Natasha
   796 | D:2      | Reached skill level 1 in Stealth
   895 | D:2      | Noticed Natasha
   898 | D:2      | XOM: smoke on damage
   900 | D:2      | XOM: scenery: 1 doors close
   903 | D:2      | Killed Natasha
   903 | D:2      | Reached XP level 5. HP: 23/46 MP: 5/5
   985 | D:2      | XOM: harmless Tmut miscast
  1308 | D:2      | Noticed Jessica
  1319 | D:2      | Killed Jessica
  1653 | D:3      | XOM: harmless Necr miscast
  1654 | D:3      | XOM: 9-stop teleportation journey
  1675 | D:3      | Reached skill level 5 in Long Blades
  1692 | D:3      | Killed from afar by an orc priest

Skill      XL: |  1  2  3  4  5 |
---------------+----------------+-----
Long Blades    | 4 5 |  5.2
Fighting       | 4 |  4.3
Stealth        | 1 |  1.3
Dodging        | 3 |  3.2

Action                   |  1- 3 |  4- 6 || total
-------------------------+-------+-------++-------
Melee: Falchion          |    77 |    45 ||   122
       Tailslap          |     4 |     5 ||     9
  Use: Scroll            |     2 |       ||     2
 Stab: Sleeping          |     3 |       ||     3
  Eat: Ration            |       |     1 ||     1
Armor: Skin              |    19 |     8 ||    27
Dodge: Dodged            |    48 |    29 ||    77
       Rpst.: Falchion   |    12 |     5 ||    17
